 Dungeon Crawl Stone Soup version 0.19.0-19-g8c6edcc (webtiles) character file.

558357 GordonOverkill the Conqueror (level 26, -4/471 HPs)
             Began as an Ogre Hunter on Nov 13, 2016.
             Was the Champion of Trog.
             Slain by a yellow draconian monk (10 damage)
             ... on level 5 of the Depths.
             The game lasted 03:06:49 (63208 turns).

GordonOverkill the Conqueror (Ogre Hunter)         Turns: 63208, Time: 03:06:50

Health: -4/471     AC: 32    Str: 38    XL:     26   Next: 55%
Magic:  10/10      EV: 17    Int: 10    God:    Trog [******]
Gold:   5762       SH:  0    Dex: 14    Spells: 0 memorised, 25 levels left

rFire  + + +     SeeInvis .     b - +9 giant spiked club (antimagic)
rCold  . . .     Gourm    .     N - +8 fire dragon scales
rNeg   . . .     Faith    .     (shield currently unavailable)
rPois  +         Spirit   .     i - +0 hat "Pakkell" {*Contam rPois Str+5}
rElec  .         Reflect  .     Z - +2 cloak {rPois}
rCorr  .         Harm     .     (gloves unavailable)
MR     ++...                    (boots unavailable)
Stlth  ..........               A - amulet of the Peasants {Regen+ Stlth+}
                                c - +4 ring of protection (curse)
                                B - ring of protection from cold

@: berserking (expiring), slowed
A: unfitting armour, fire resistance 1, tough skin 1
a: Berserk, Trog's Hand, Brothers in Arms, Burn Spellbooks, Renounce Religion
}: 3/15 runes: decaying, silver, gossamer


You were on level 5 of the Depths.
You worshipped Trog.
Trog was exalted by your worship.
You were hungry.

You visited 9 branches of the dungeon, and saw 43 of its levels.
You visited the Abyss 1 time.
You also visited: Ossuary, Ice Cave and Volcano.

You collected 10134 gold pieces.
You spent 4372 gold pieces at shops.

Inventory:

Hand Weapons
 b - a +9 antimagic giant spiked club (weapon)
 t - the +6 giant spiked club of Defenestration {freeze, Dex+2}
   (Trog gifted it to you on level 1 of the Vaults)

   It has been specially enchanted to freeze those struck by it, causing extra
   injury to most foes and up to half again as much damage against particularly
   susceptible opponents.
   It can also slow down cold-blooded creatures.
   It affects your dexterity (+2).
 u - a +8 antimagic giant spiked club
 Y - the +6 giant spiked club of Killer Klown's Curse {crush, Dex+4}
   (Trog gifted it to you on level 14 of the Dungeon)

   It inflicts extra damage upon your enemies.
   It affects your dexterity (+4).
Missiles
 K - a throwing net
 L - 148 large rocks (quivered)
Armour
 i - the +0 hat "Pakkell" (worn) {*Contam rPois Str+5}
   (You acquired it on level 3 of the Vaults)

   It affects your strength (+5).
   It protects you from poison.
   It causes magical contamination when unequipped.
 N - +8 fire dragon scales (worn)
 Z - a +2 cloak of poison resistance (worn)
Jewellery
 c - a cursed +4 ring of protection (right hand)
 o - an uncursed ring of see invisible
 A - the amulet of the Peasants (around neck) {Regen+ Stlth+}
   (You found it on level 5 of the Dungeon)

   [amulet of regeneration]

   It increases your rate of regeneration.
   It makes you more stealthy.
 B - a ring of protection from cold (left hand)
Wands
 l - a wand of disintegration (11/24)
 r - a wand of digging (12/24)
 y - a wand of lightning (3/15)
 z - a wand of flame (14/48)
 C - a wand of teleportation (3/9)
 E - a wand of heal wounds (2/9)
 G - a wand of teleportation (3/9)
 H - a wand of digging (12/24)
 S - a wand of digging (10/24)
Scrolls
 a - 4 scrolls of summoning
 g - 2 scrolls of blinking
 j - 13 scrolls of teleportation
 s - 6 scrolls of magic mapping
 x - a scroll of silence
 D - 14 scrolls of fog
 I - 15 scrolls of identify
 O - 15 scrolls of remove curse
 R - 2 scrolls of enchant armour
 U - 4 scrolls of recharging
 W - 6 scrolls of fear
Potions
 d - 5 potions of ambrosia
 e - 22 potions of curing
 h - 15 potions of flight
 k - 4 potions of haste
 n - 4 potions of agility
 p - 7 potions of cancellation
 v - 8 potions of might
 w - 8 potions of lignification
 J - 3 potions of invisibility
 M - a potion of cure mutation
 P - a potion of berserk rage
 Q - 2 potions of heal wounds
 T - a potion of beneficial mutation
Comestibles
 f - 29 bread rations
 m - 21 meat rations
 q - 3 chunks of flesh
 X - a beef jerky


   Skills:
 O Level 27 Fighting
 O Level 27 Maces & Flails
 - Level 12.0 Throwing
 + Level 20.7 Armour
 - Level 15.0 Dodging
 - Level 0.6 Stealth
 - Level 10.0 Evocations


You had 25 spell levels left.
You didn't know any spells.

Dungeon Overview and Level Annotations

Branches:
Dungeon (15/15)            Temple (1/1) D:7            Lair (6/6) D:9
  Swamp (4/4) Lair:3       Spider (4/4) Lair:4        Slime (0/5) Lair:6
    Orc (2/2) D:12            Elf (0/3) Orc:2        Vaults (5/5) D:13
  Crypt (0/3) Vaults:3     Depths (5/5) D:15            Zot (1/5) Depths:5

Altars:
Ashenzari
Cheibriados
Dithmenos
Elyvilon
Fedhas
Gozag
Hepliaklqana
Kikubaaqudgha
Makhleb
Nemelex Xobeh
Okawaru
Qazlal
Ru
Sif Muna
Trog
Uskayaw
Vehumet
Xom
Yredelemnul
Zin
The Shining One
Jiyva

Shops:
D:9 [   D:13 [((}   D:14 =   Orc:1 *   Orc:2 [???   Vaults:5 !   Depths:2 :

Portals:
Hell: Depths:1 Depths:2 Depths:3 Depths:4 Depths:5
Abyss: Depths:3 Depths:4
Pandemonium: Depths:3
Ziggurat: Depths:5


Innate Abilities, Weirdness & Mutations

You are too large for most types of armour.
You have tough skin. (AC +1)
Your flesh is heat resistant. (rF+)


Message History

You feel as though you will be slow longer.
Unknown command.
You impale the white draconian!!
The white draconian is almost dead.
The death cob hits you but does no damage.
The yellow draconian monk barely misses you.
The yellow draconian monk closely misses you.
The yellow draconian monk tail-slaps you!
* * * LOW HITPOINT WARNING * * *
The white draconian hits you with a short sword!!
* * * LOW HITPOINT WARNING * * *
The death cob misses you.
You closely miss the white draconian.
The white draconian is almost dead.
The yellow draconian monk hits you.
* * * LOW HITPOINT WARNING * * *
The yellow draconian monk kicks you!
* * * LOW HITPOINT WARNING * * *
The yellow draconian monk tail-slaps you!
You die...

##.............................##
#/....8.......8...8.......8.....#
............8.......8...........)
.................................
#.........8.§.##'##.§.8.........#
##..........)##.§.##...........##
[#.......8..##.§§.§##..8.......#.
.#..........#§§d§§§§#..........#.
∩#§.8......§§§.§@z§.§.......8.§#∩
.#.........§#§§§q§§§#.....)....#.
(#.......8..##§§.§§##..8.......#.
##...........##§§§##...........##
#.........8.§.##§##.§.8.........#
.................§...............
............8.......8.......)....
#.....8.......8§.§8.......8...).#
##.......[.....................##


You could see a yellow draconian monk (berserk), a white draconian (berserk) and
a death cob.

Vanquished Creatures
  Mara (Vaults:4)
  2 juggernauts
  Bai Suzhen (Vaults:3)
  Saint Roka (D:15)
  2 caustic shrikes
  A golden dragon (Depths:5)
  Arachne (Spider:3)
  5 liches
  Jorgrun (Depths:1)
  An Ice Fiend (IceCv)
  Rupert (Lair:5)
  7 tentacled monstrosities
  Asterion (Depths:2)
  8 titans
  A quicksilver dragon (Depths:5)
  The ghost of Assic the Severer, an adept MiFi of Okawaru (Spider:1)
  3 tentacled starspawn (Abyss:4)
  10 tengu reavers
  7 sphinxes
  2 thorn hunters (Swamp:4)
  The ghost of eggzz the Hoplite, an adept MiBe of Trog (Spider:4)
  3 draconian monks (Depths:5)
  4 storm dragons
  14 fire giants
  4 shadow dragons
  A deep elf sorcerer (Vaults:5)
  3 iron dragons
  14 frost giants
  3 ghost moths
  9 emperor scorpions
  A balrug (Depths:5)
  An orc warlord (Orc:2)
  A draconian scorcher (Depths:5)
  Aizul (Depths:3)
  2 deep elf elementalists
  The ghost of Millan the Blocker, a journeyman MiFi of Makhleb (Spider:1)
  3 draconian zealots (Depths:5)
  16 vault wardens
  A draconian annihilator (Depths:5)
  A reaper (Depths:5)
  A war gargoyle (Vaults:5)
  16 ironheart preservers
  26 stone giants
  4 spriggan defenders
  5 vampire knights
  7 entropy weavers
  2 deep elf demonologists
  A black draconian (Depths:5)
  2 draconian callers (Depths:5)
  26 very ugly things
  2 red draconians (Depths:5)
  The ghost of veyX the Peltast, a journeyman GrFi of Lugonu (Depths:1)
  A dire elephant (Lair:6)
  A purple draconian (Depths:5)
  5 white draconians (Depths:5)
  An eidolon (Vaults:3)
  18 spark wasps
  2 mottled draconians (Depths:5)
  A merfolk javelineer (Depths:3)
  10 ettins
  A blizzard demon (Depths:5)
  A deep elf death mage (Vaults:3)
  10 fire dragons
  19 yaktaur captains
  Josephine (Orc:2)
  3 deep elf high priests
  10 ice dragons
  13 great orbs of eyes
  An ice dragon (shapeshifter) (Depths:4)
  23 hydras
  5 rakshasas
  32 vault guards
  2 catoblepae
  Erica (D:8)
  Erolcha (D:13)
  An alligator (shapeshifter) (Depths:3)
  3 spriggan air magi
  An anaconda (shapeshifter) (Vaults:5)
  5 death knights
  12 centaur warriors
  12 tengu warriors
  8 alligators
  18 deep troll shamans
  12 deep troll earth magi
  An orc high priest (Orc:2)
  23 ogre magi
  2 vampire magi
  5 spriggan berserkers
  A hell hog (shapeshifter) (Depths:3)
  12 death yaks (Lair:6)
  6 deep elf knights
  2 thrashing horrors (Abyss:4)
  Sonja (Lair:3)
  A small abomination (Vaults:3)
  3 soul eaters (Depths:5)
  A wretched star (Abyss:4)
  3 sun demons (Depths:5)
  4 shadow wraiths
  7 iron trolls
  3 flayed ghosts
  11 skeletal warriors
  8 starcursed masses (Abyss:4)
  A shadow demon (Abyss:4)
  4 wizards
  A deep troll (shapeshifter) (Vaults:4)
  4 spriggan druids
  3 glowing orange brains
  3 unseen horrors
  7 hill giants
  53 deep trolls
  2 quicksilver dragon simulacra (Depths:5)
  12 swamp dragons
  A shambling mangrove (Swamp:3)
  An orange crystal statue (Vaults:2)
  4 necromancers
  A lindwurm (shapeshifter) (Depths:3)
  35 ugly things
  23 ironbrand convokers
  4 deep elf archers
  9 harpies
  7 phantasmal warriors
  13 orb spiders
  A hill giant (shapeshifter) (Vaults:5)
  An orb spider (shapeshifter) (Vaults:4)
  7 orc knights
  11 deep elf magi
  A tengu skeleton (Vaults:3)
  4 orc sorcerers
  2 wolf spider zombies
  A mana viper (shapeshifter) (Depths:3)
  2 manticores
  35 wolf spiders
  A worldbinder (Abyss:2)
  7 cyclopes
  8 elephants
  A salamander (shapeshifter) (Vaults:2)
  6 moths of wrath
  3 black mambas
  A toenail golem (Volcano)
  A black mamba (shapeshifter) (Depths:3)
  A gargoyle (D:12)
  Psyche (D:8)
  21 vault sentinels
  3 ice statues
  2 water nymphs (shapeshifter)
  An apocalypse crab (Abyss:4)
  3 smoke demons (Abyss:4)
  6 molten gargoyles
  8 rust devils (Depths:5)
  Joseph (D:7)
  4 centaur skeletons
  17 spiny frogs
  10 rime drakes
  8 komodo dragons
  5 efreet
  A komodo dragon (shapeshifter) (Vaults:5)
  66 yaktaurs
  2 anaconda simulacra (IceCv)
  7 tengu conjurers
  21 demonic crawlers
  7 freezing wraiths
  A silent spectre (Abyss:4)
  15 ice devils
  5 red devils
  11 trolls
  2 merfolk (shapeshifter)
  2 meliai (shapeshifter)
  A hornet (shapeshifter) (Vaults:5)
  2 polar bears
  A queen bee (Lair:1)
  30 hornets
  41 jumping spiders
  3 meliai (D:15)
  5 tyrant leeches
  5 bog bodies
  A polar bear (shapeshifter) (Vaults:5)
  46 two-headed ogres
  2 sphinx simulacra
  A hippogriff (shapeshifter) (Depths:2)
  A dream sheep (shapeshifter) (Depths:1)
  31 slime creatures
  8 blink frogs
  12 raiju
  12 shadows
  3 flying skulls (Depths:5)
  16 hippogriffs
  A stone giant simulacrum (Vaults:1)
  A centaur simulacrum (D:14)
  12 water elementals
  8 spriggans
  A spriggan (shapeshifter) (Vaults:1)
  9 wraiths
  43 tarantellas
  A tarantella (shapeshifter) (Depths:3)
  9 wyverns
  Eustachio (D:5)
  7 large abominations
  A ynoxinul (Abyss:4)
  3 air elementals (Depths:5)
  65 redbacks
  2 humans (shapeshifter)
  9 basilisks
  2 chaos spawn (Abyss:4)
  4 fire elementals (Volcano)
  A human (D:12)
  A golden eye (shapeshifter) (D:15)
  42 yaks
  2 hungry ghosts
  Grum (D:8)
  2 yaktaur simulacra (Vaults:2)
  16 vampire mosquitoes
  A neqoxec (Abyss:4)
  3 human simulacra
  2 elf skeletons
  9 wargs
  5 golden eyes (Abyss:4)
  15 swamp worms
  4 harpy simulacra (IceCv)
  20 insubstantial wisps
  A mottled dragon (shapeshifter) (Vaults:1)
  A naga (shapeshifter) (Vaults:3)
  2 iron troll simulacra (IceCv)
  Duvessa (D:4)
  2 hydra simulacra (IceCv)
  2 hell hounds (Depths:5)
  11 water moccasins
  7 swamp drakes
  2 floating eyes (Depths:5)
  6 porcupines
  25 orc warriors
  An eye of draining (shapeshifter) (Abyss:4)
  5 black bears
  2 black bears (shapeshifter)
  6 ice beasts
  4 sky beasts
  2 phantoms
  A necrophage (D:13)
  An eye of draining (D:13)
  An ogre (shapeshifter) (Depths:2)
  4 ettin simulacra
  97 ogres
  2 boggarts
  14 centaurs
  18 crocodiles
  27 wolves
  A big kobold (D:9)
  2 elf zombies
  18 bullfrogs
  A wyvern zombie (D:13)
  2 human skeletons
  An earth elemental (Volcano)
  A gnoll sergeant (D:7)
  Dowan (D:4)
  3 wyvern skeletons
  6 scorpions
  17 killer bees
  A howler monkey (D:14)
  An electric eel (Lair:2)
  A bullfrog zombie (D:9)
  8 crimson imps
  6 centaur zombies
  A jelly (shapeshifter) (Depths:5)
  5 lava snakes (Lair:5)
  4 quasits
  Crazy Yiuf (D:7)
  3 bullfrog skeletons
  10 hounds
  6 jellies
  25 orc priests
  An iron imp (Depths:3)
  A gnoll shaman (D:9)
  Ijyb (D:3)
  8 iguanas
  26 orc wizards
  17 worker ants
  3 big kobold zombies (Ossuary)
  3 hound zombies
  A hound skeleton (D:5)
  Robin (D:4)
  3 mummies (Ossuary)
  A howler monkey skeleton (D:5)
  17 gnolls
  21 adders
  4 shadow imps
  A white imp (Vaults:4)
  2 ufetubi
  2 adder skeletons
  4 adder zombies
  2 worms
  19 leopard geckos
  101 orcs
  3 ball pythons
  12 bats
  4 giant cockroaches
  20 goblins
  14 hobgoblins
  3 jackals (D:8)
  5 quokkas
  7 frilled lizards
  A gnoll zombie (Ossuary)
  4 goblin zombies (Ossuary)
  3 hobgoblin zombies (Ossuary)
  A jackal skeleton (D:6)
  2 jackal zombies (Ossuary)
  7 kobolds
  7 kobold zombies (Ossuary)
  A leopard gecko zombie (D:6)
  An orc zombie (Ossuary)
  4 quokka zombies (Ossuary)
  5 rats
  3 rat zombies (Ossuary)
  A briar patch (Swamp:4)
  3 fire vortices (Volcano)
  3 lurking horrors (Abyss:4)
  20 pillars of salt (Vaults:1)
  3 starspawn tentacles (Abyss:4)
2344 creatures vanquished.

Vanquished Creatures (collateral kills)
  A titan (Vaults:5)
  A sphinx (Vaults:5)
  2 storm dragons (Vaults:5)
  A mottled draconian (Depths:5)
  2 hydras (Swamp:4)
  A vault guard (Vaults:5)
  A dancing weapon (Vaults:5)
  A deep elf archer (Vaults:5)
  2 orb spiders (Spider:4)
  A phantasmal warrior (Vaults:5)
  2 demonic crawlers
  A troll (Orc:2)
  A two-headed ogre (Vaults:5)
  A tarantella (Spider:3)
  A swamp drake (Swamp:4)
  An orc warrior (Orc:2)
  2 ogres (Vaults:5)
  2 orc wizards (Orc:2)
  2 orc priests (Orc:2)
  An orc (Orc:2)
27 creatures vanquished.

Vanquished Creatures (others)
  A draconian knight (Depths:5)
  A deep elf knight (Vaults:5)
  A titan simulacrum (Abyss:4)
  A centaur skeleton (D:15)
  A golden eye (Abyss:4)
  2 ogres
  A boggart (Depths:2)
  A bullfrog (D:15)
  An orc (D:15)
  3 briar patches (Swamp:4)
  A bush (Lair:6)
  18 fungi
  2 lurking horrors (Abyss:4)
  12 plants
  3 starspawn tentacles (Abyss:4)
49 creatures vanquished.

Grand Total: 2420 creatures vanquished

Notes
Turn   | Place    | Note
-------+----------+-------------------------------------------
     0 | D:1      | GordonOverkill the Ogre Hunter began the quest for the Orb.
     0 | D:1      | Reached XP level 1. HP: 22/22 MP: 1/1
   144 | D:1      | Reached skill level 1 in Maces & Flails
   146 | D:1      | Reached XP level 2. HP: 19/31 MP: 2/2
  1063 | D:1      | Reached XP level 3. HP: 33/37 MP: 3/3
  1625 | D:2      | Reached XP level 4. HP: 48/48 MP: 4/4
  2002 | D:3      | Noticed Ijyb
  2337 | D:3      | Reached XP level 5. HP: 51/54 MP: 5/5
  2376 | D:3      | Killed Ijyb
  2780 | D:3      | Reached skill level 5 in Maces & Flails
  2788 | D:3      | Reached XP level 6. HP: 63/63 MP: 6/6
  3091 | D:4      | Reached skill level 5 in Throwing
  3249 | D:4      | Reached skill level 5 in Fighting
  3252 | D:4      | Found a sand-covered staircase.
  3256 | Ossuary  | Entered an ossuary
  3401 | Ossuary  | Reached XP level 7. HP: 58/72 MP: 7/7
  3884 | D:4      | Noticed Duvessa
  3884 | D:4      | Noticed Dowan
  3914 | D:4      | Killed Duvessa
  4121 | D:4      | Reached XP level 8. HP: 46/83 MP: 8/8
  4318 | D:4      | Noticed Robin
  4357 | D:4      | Killed Robin
  4963 | D:4      | Killed Dowan
  4963 | D:4      | Reached skill level 1 in Armour
  5177 | D:5      | Entered Level 5 of the Dungeon
  5611 | D:5      | Found a bloodstained altar of Trog.
  5660 | D:5      | Became a worshipper of Trog the Wrathful
  5794 | D:5      | Found a large runed door.
  5794 | D:5      | Found a large runed door.
  5813 | D:5      | Found a large runed door.
  5813 | D:5      | Found a large runed door.
  5828 | D:5      | Noticed Eustachio
  5857 | D:5      | Killed Eustachio
  5917 | D:5      | Reached skill level 10 in Maces & Flails
  6196 | D:5      | Reached * piety under Trog
  6232 | D:5      | Reached XP level 9. HP: 93/93 MP: 9/9
  6543 | D:5      | Got a glittering tin ring
  6545 | D:5      | Identified the ring "Ehaac" {Int+5 Stlth-} (You found it on level 5 of the Dungeon)
  6978 | D:5      | Got a warped brass amulet
  6981 | D:5      | Identified the amulet of the Peasants {Regen+ Stlth+} (You found it on level 5 of the Dungeon)
  7505 | D:6      | Reached ** piety under Trog
  7514 | D:6      | Found a shadowy altar of Dithmenos.
  7517 | D:6      | Found an ancient bone altar of Kikubaaqudgha.
  7519 | D:6      | Found a sacrificial altar of Ru.
  7519 | D:6      | Found a white marble altar of Elyvilon.
  7521 | D:6      | Found a glowing silver altar of Zin.
  7524 | D:6      | Found a deep blue altar of Sif Muna.
  7890 | D:7      | Noticed Joseph
  7916 | D:7      | Killed Joseph
  7965 | D:7      | Found a staircase to the Ecumenical Temple.
  7969 | Temple   | Entered the Ecumenical Temple
  8504 | D:7      | Reached XP level 10. HP: 101/107 MP: 10/10
  8793 | D:7      | Gained mutation: Your flesh is heat resistant. (rF+) [potion of beneficial mutation]
  9050 | D:7      | Found a sacrificial altar of Ru.
  9178 | D:7      | Found a runed door.
  9182 | D:7      | Noticed Crazy Yiuf
  9187 | D:7      | Killed Crazy Yiuf
  9250 | D:8      | Noticed Erica
  9279 | D:8      | Killed Erica
  9390 | D:8      | Noticed Grum
  9401 | D:8      | Reached *** piety under Trog
  9409 | D:8      | Killed Grum
  9409 | D:8      | Reached skill level 10 in Fighting
  9631 | D:8      | Reached skill level 5 in Armour
  9998 | D:8      | Noticed Psyche
 10009 | D:8      | Killed Psyche
 10374 | D:9      | Found Ugheon's Armour Shoppe.
 10416 | D:9      | Found a staircase to the Lair.
 10498 | D:9      | Reached XP level 11. HP: 102/119 MP: 11/11
 10761 | D:9      | Found a shattered altar of Ashenzari.
 10762 | D:9      | Found an iron altar of Okawaru.
 10762 | D:9      | Found a snail-covered altar of Cheibriados.
 10763 | D:9      | Found a basalt altar of Yredelemnul.
 10869 | D:9      | Reached **** piety under Trog
 11170 | Lair:1   | Entered Level 1 of the Lair of Beasts
 11190 | D:9      | Reached skill level 15 in Maces & Flails
 11384 | Lair:1   | Noticed a six-headed hydra
 11392 | Lair:1   | Killed a six-headed hydra
 12091 | D:9      | Bought the +4 moon troll leather armour {Spirit, Regen++ MP+5} for 616 gold pieces
 12450 | Lair:1   | Reached ***** piety under Trog
 12892 | Lair:2   | Reached XP level 12. HP: 61/132 MP: 6/12
 13528 | Lair:3   | Noticed Sonja
 13646 | Lair:3   | Found a staircase to the Swamp.
 13672 | Lair:3   | You fall through a shaft!
 13698 | Lair:4   | Found a hole to the Spider Nest.
 13825 | Lair:4   | Noticed a six-headed hydra
 13832 | Lair:4   | Killed a six-headed hydra
 13960 | Lair:4   | Noticed a six-headed hydra
 13975 | Lair:4   | Killed a six-headed hydra
 14628 | Lair:4   | Noticed a six-headed hydra
 14739 | Lair:3   | Found a radiant altar of Vehumet.
 15318 | Lair:3   | Noticed a seven-headed hydra
 15327 | Lair:3   | Killed a seven-headed hydra
 15411 | Lair:3   | Killed Sonja
 15517 | Lair:4   | Killed a six-headed hydra
 15517 | Lair:4   | Reached XP level 13. HP: 39/145 MP: 4/13
 16636 | Lair:5   | Received a gift from Trog
 16951 | Lair:5   | Noticed Rupert
 16962 | Lair:5   | Killed Rupert
 17573 | Lair:6   | Entered Level 6 of the Lair of Beasts
 17588 | Lair:5   | Reached XP level 14. HP: 94/157 MP: 11/14
 17688 | Lair:6   | Reached skill level 15 in Fighting
 17989 | Lair:6   | Received a gift from Trog
 18331 | Lair:6   | Found a viscous altar of Jiyva.
 18331 | Lair:6   | Found a staircase to the Slime Pits.
 18590 | Lair:6   | Reached skill level 10 in Armour
 18594 | Lair:6   | Received a gift from Trog
 18635 | Lair:6   | Noticed a dire elephant
 18645 | Lair:6   | Killed a dire elephant
 19336 | D:10     | Entered Level 10 of the Dungeon
 19498 | D:10     | Paralysed by a hornet for 1 turns
 20385 | D:11     | Reached XP level 15. HP: 161/170 MP: 15/15
 20742 | D:12     | Found a staircase to the Orcish Mines.
 20763 | D:12     | Received a gift from Trog
 21250 | D:12     | Received a gift from Trog
 21253 | D:12     | Got a crystal giant spiked club {god gift}
 21262 | D:12     | Identified the +5 giant spiked club of Rorroxt {freeze, rPois Int+3} (Trog gifted it to you on level 12 of the Dungeon)
 21449 | Orc:1    | Entered Level 1 of the Orcish Mines
 21755 | Orc:1    | Found Eitwouq's Eclectic Emporium.
 21763 | Orc:1    | Bought a scroll of enchant armour for 75 gold pieces
 22081 | Orc:2    | Entered Level 2 of the Orcish Mines
 22175 | Orc:2    | Found a dark tunnel.
 22183 | Volcano  | Entered a volcano
 22475 | Orc:2    | Found Ewotauc's Antique Armour Boutique.
 22476 | Orc:2    | Noticed Josephine
 22488 | Orc:2    | Killed Josephine
 22499 | Orc:2    | Found a staircase to the Elven Halls.
 22531 | Orc:2    | Received a gift from Trog
 22539 | Orc:2    | Paralysed by fainting for 5 turns
 22717 | Orc:2    | Noticed an orc warlord
 22749 | Orc:2    | Killed an orc warlord
 22946 | Orc:2    | Found Meahisan's Magic Scroll Shop.
 23244 | Orc:2    | Found Mili's Magic Scroll Emporium.
 23253 | Orc:2    | Found Zecuew's Magic Scroll Boutique.
 23267 | Orc:2    | Bought a scroll of enchant armour for 97 gold pieces
 23287 | Orc:2    | Bought runed fire dragon scales for 1518 gold pieces
 23782 | D:13     | Received a gift from Trog
 23828 | D:13     | Found Zeni's Gadget Shop.
 23830 | D:13     | Found Houvosch's Antique Weapon Boutique.
 23961 | D:13     | Found a gate to the Vaults.
 23993 | D:13     | Reached XP level 16. HP: 183/183 MP: 16/16
 24321 | D:13     | Noticed Erolcha
 24326 | D:13     | Killed Erolcha
 24458 | D:13     | Found Aryah's Armour Shop.
 24547 | D:13     | Found Zetaghua's Weapon Shop.
 24945 | D:14     | Received a gift from Trog
 24948 | D:14     | Got a dazzling giant spiked club {god gift}
 24949 | D:14     | Identified the +6 giant spiked club of Killer Klown's Curse {crush, Dex+4} (Trog gifted it to you on level 14 of the Dungeon)
 25026 | D:13     | Bought a +1 cloak of poison resistance for 202 gold pieces
 25182 | D:14     | Found Cifat's Jewellery Shop.
 25361 | D:14     | Found an opulent altar of Gozag.
 25838 | D:15     | Entered Level 15 of the Dungeon
 26004 | D:15     | Reached ****** piety under Trog
 26241 | D:15     | Found a shadowy altar of Dithmenos.
 26684 | D:15     | Found a staircase to the Depths.
 27060 | D:15     | Received a gift from Trog
 27649 | Swamp:1  | Entered Level 1 of the Swamp
 28328 | Swamp:2  | Found a frozen archway.
 28347 | IceCv    | Entered an ice cave
 28506 | IceCv    | Reached XP level 17. HP: 196/196 MP: 17/17
 28721 | IceCv    | Noticed an Ice Fiend
 28728 | IceCv    | Killed an Ice Fiend
 28830 | IceCv    | Received a gift from Trog
 29069 | Swamp:2  | Reached skill level 5 in Dodging
 30254 | Swamp:4  | Entered Level 4 of the Swamp
 30362 | Swamp:4  | Received a gift from Trog
 30927 | Swamp:4  | Got a decaying rune of Zot
 31166 | Swamp:4  | Received a gift from Trog
 31997 | Spider:1 | Entered Level 1 of the Spider Nest
 32000 | Spider:1 | Noticed Assic's ghost (adept MiFi)
 32126 | Spider:1 | Killed Assic's ghost
 32383 | Spider:1 | Reached XP level 18. HP: 144/213 MP: 18/18
 32423 | Spider:1 | Noticed Millan's ghost (journeyman MiFi)
 32438 | Spider:1 | Killed Millan's ghost
 33000 | Spider:1 | HP: 8/319 [wolf spider (17)]
 33006 | Spider:1 | HP: 6/213 [poisoned by a wolf spider]
 33658 | Spider:1 | Received a gift from Trog
 34706 | Spider:3 | Reached skill level 10 in Dodging
 35105 | Spider:3 | Received a gift from Trog
 35127 | Spider:3 | Noticed Arachne
 35590 | Spider:3 | Killed Arachne
 36333 | Spider:4 | Entered Level 4 of the Spider Nest
 36477 | Spider:4 | Noticed eggzz's ghost (adept MiBe)
 36503 | Spider:4 | Killed eggzz's ghost
 36516 | Spider:4 | Received a gift from Trog
 36813 | Spider:4 | Paralysed by a hornet for 2 turns
 36823 | Spider:4 | Paralysed by a hornet for 1 turns
 36829 | Spider:4 | Received a gift from Trog
 37082 | Spider:4 | Reached XP level 19. HP: 207/228 MP: 19/19
 37740 | Spider:4 | Received a gift from Trog
 37810 | Spider:4 | Got a gossamer rune of Zot
 38545 | Vaults:1 | Entered Level 1 of the Vaults
 38722 | Vaults:1 | Received a gift from Trog
 38807 | Vaults:1 | Found a ruined gateway.
 39313 | Vaults:1 | Cast into level 2 of the Abyss (a deep elf demonologist)
 39315 | Abyss:2  | Found a corrupted altar of Lugonu.
 39369 | Abyss:3  | Found a corrupted altar of Lugonu.
 39916 | Abyss:4  | Reached skill level 1 in Evocations
 40082 | Abyss:4  | Received a gift from Trog
 40228 | Abyss:4  | Reached XP level 20. HP: 196/244 MP: 22/22
 40247 | Vaults:1 | Escaped the Abyss
 40494 | Vaults:1 | Got a polished giant spiked club {god gift}
 40530 | Vaults:1 | Identified the +6 giant spiked club of Defenestration {freeze, Dex+2} (Trog gifted it to you on level 1 of the Vaults)
 40622 | Vaults:1 | Received a gift from Trog
 40845 | Vaults:1 | Received a gift from Trog
 40967 | Vaults:1 | Paralysed by an ogre mage for 5 turns
 41250 | Vaults:2 | Reached skill level 5 in Evocations
 41601 | Vaults:2 | Noticed a Brimstone Fiend
 42374 | Vaults:2 | Received a gift from Trog
 42781 | Vaults:3 | Noticed Bai Suzhen
 42787 | Vaults:3 | Killed Bai Suzhen
 42797 | Vaults:3 | Identified a scroll of acquirement
 42800 | Vaults:3 | Got a spiked hat
 42806 | Vaults:3 | Identified the +0 hat "Pakkell" {*Contam rPois Str+5} (You acquired it on level 3 of the Vaults)
 42989 | Vaults:3 | Received a gift from Trog
 43446 | Vaults:3 | Received a gift from Trog
 43663 | Vaults:3 | Found a staircase to the Crypt.
 43671 | Vaults:3 | Reached XP level 21. HP: 250/258 MP: 27/27
 44398 | Vaults:3 | Received a gift from Trog
 44537 | Vaults:4 | Noticed Mara
 44538 | Vaults:4 | Noticed GordonOverkill's illusion
 44556 | Vaults:4 | Killed Mara
 45741 | Vaults:4 | Reached skill level 10 in Evocations
 46382 | Vaults:5 | Entered Level 5 of the Vaults
 46698 | Vaults:4 | Reached skill level 27 in Fighting
 46828 | Vaults:4 | Received a gift from Trog
 47006 | Vaults:5 | Reached XP level 22. HP: 261/275 MP: 29/29
 47650 | Vaults:5 | Received a gift from Trog
 48694 | Vaults:5 | Received a gift from Trog
 49042 | Vaults:5 | Received a gift from Trog
 49044 | Vaults:5 | Reached skill level 27 in Maces & Flails
 49594 | Vaults:5 | Reached XP level 23. HP: 217/284 MP: 30/30
 50427 | Vaults:5 | Found Ukugurai's Distillery.
 50440 | Vaults:5 | Bought a potion of heal wounds for 95 gold pieces
 50440 | Vaults:5 | Bought a potion of might for 76 gold pieces
 50440 | Vaults:5 | Bought a potion of heal wounds for 95 gold pieces
 50440 | Vaults:5 | Bought a potion of resistance for 190 gold pieces
 50440 | Vaults:5 | Bought 2 potions of cancellation for 304 gold pieces
 50675 | Vaults:5 | Got a silver rune of Zot
 51399 | D:14     | Received a gift from Trog
 51486 | Depths:1 | Entered Level 1 of the Depths
 51519 | D:15     | Reached skill level 10 in Throwing
 51808 | Depths:1 | Noticed Saint Roka
 51964 | D:15     | Killed Saint Roka
 51964 | D:15     | Received a gift from Trog
 52627 | Depths:1 | Received a gift from Trog
 52630 | Depths:1 | Got a transparent giant club {god gift}
 52631 | Depths:1 | Identified the +6 giant club "Goulufey" {freeze, Dex+6} (Trog gifted it to you on level 1 of the Depths)
 52910 | Depths:1 | Noticed veyX's ghost (journeyman GrFi)
 52944 | Depths:1 | Killed veyX's ghost
 53218 | Depths:1 | Noticed Jorgrun
 53223 | Depths:1 | Killed Jorgrun
 53231 | Depths:1 | Found a gateway to Hell.
 53550 | Depths:1 | Received a gift from Trog
 54002 | Depths:2 | Noticed Asterion
 54015 | Depths:2 | Killed Asterion
 54281 | Depths:2 | Reached XP level 24. HP: 295/295 MP: 30/30
 54414 | Depths:2 | Found Beebrah's Book Boutique.
 54421 | Depths:2 | Bought a manual of Armour for 1104 gold pieces
 54459 | Depths:2 | Reached skill level 15 in Dodging
 55159 | Depths:2 | Noticed a caustic shrike
 55166 | Depths:2 | Killed a caustic shrike
 55166 | Depths:2 | Received a gift from Trog
 55646 | Depths:2 | Received a gift from Trog
 55651 | Depths:2 | Got a jewelled giant club {god gift}
 55652 | Depths:2 | Identified the +10 giant club of Trial by Ordeal {flame, *Noise rPois Str+5} (Trog gifted it to you on level 2 of the Depths)
 56026 | Depths:3 | Reached skill level 15 in Armour
 56301 | Depths:3 | Found a one-way gate to the infinite horrors of the Abyss.
 56599 | Depths:3 | Found a one-way gate leading to the halls of Pandemonium.
 56712 | Depths:3 | Received a gift from Trog
 56962 | Depths:3 | Noticed Aizul
 56972 | Depths:3 | Killed Aizul
 57037 | Depths:3 | Noticed a caustic shrike
 57039 | Depths:3 | Killed a caustic shrike
 57143 | Depths:3 | Reached XP level 25. HP: 159/304 MP: 30/30
 57716 | Depths:3 | Noticed a juggernaut
 57727 | Depths:3 | Killed a juggernaut
 58197 | Depths:3 | Paralysed by a great orb of eyes for 6 turns
 58382 | Depths:4 | Received a gift from Trog
 58932 | Depths:4 | Paralysed by something for 7 turns
 59429 | Depths:5 | Entered Level 5 of the Depths
 59481 | Depths:4 | HP: 14/304 [spark wasp (13)]
 59966 | Depths:5 | Received a gift from Trog
 60343 | Depths:5 | Paralysed by a floating eye for 3 turns
 60351 | Depths:5 | Paralysed by a floating eye for 2 turns
 60591 | Depths:5 | Found a sacrificial altar of Ru.
 60595 | Depths:5 | Found a gateway to a ziggurat.
 60962 | Depths:5 | Noticed a juggernaut
 60971 | Depths:5 | Killed a juggernaut
 61422 | Depths:5 | Reached XP level 26. HP: 148/314 MP: 30/30
 61755 | Depths:5 | Received a gift from Trog
 61777 | Depths:5 | Paralysed by a floating eye for 2 turns
 61802 | Depths:5 | Received a gift from Trog
 61948 | Depths:5 | Got a jewelled giant club {god gift}
 61949 | Depths:5 | Identified the +4 giant club of Yfrug {crush, *Drain +Blink rPois Int-5} (Trog gifted it to you on level 5 of the Depths)
 61964 | Depths:5 | Found a shimmering altar of Xom.
 62549 | Depths:5 | Found an iron altar of Okawaru.
 62645 | Depths:5 | Found a gate to the Realm of Zot.
 62793 | Depths:5 | Found a stormy altar of Qazlal.
 63176 | Zot:1    | Entered Level 1 of the Realm of Zot
 63208 | Depths:5 | HP: 21/471 [yellow draconian monk (5)]
 63208 | Depths:5 | HP: 6/471 [yellow draconian monk (15)]
 63208 | Depths:5 | Slain by a yellow draconian monk

Skill      XL: |  1  2  3  4  5  6  7  8  9 10 11 12 13 14 15 16 17 18 19 20 21 22 23 24 25 26 |
---------------+-------------------------------------------------------------------------------+-----
Fighting       | 3 4 5 6 7 9 10 12 13 14 16 17 18 20 22 24 25 27 | 27.0
Maces & Flails | 1 2 3 5 6 8 10 12 14 16 18 19 21 23 24 27 | 27.0
Throwing       | 5 6 7 12 | 12.0
Armour         | 2 4 5 6 8 9 10 11 12 16 19 20 | 20.7
Dodging        | 3 8 11 13 14 15 | 15.0
Evocations     | 2 8 10 | 10.0
Stealth        | |  0.6

Action                   |  1- 3 |  4- 6 |  7- 9 | 10-12 | 13-15 | 16-18 | 19-21 | 22-24 | 25-27 || total
-------------------------+-------+-------+-------+-------+-------+-------+-------+-------+-------++-------
Melee: Club              |    82 |       |       |       |       |       |       |       |       ||    82
       Short sword       |    10 |       |       |       |       |       |       |       |       ||    10
       Flail             |    20 |   300 |   422 |       |       |       |       |       |       ||   742
       Giant spiked club |       |       |   153 |   726 |  1098 |  1237 |  1278 |  1227 |   704 ||  6423
Throw: Large rock        |     3 |     4 |    14 |     9 |     1 |    10 |       |     9 |     5 ||    55
       Throwing net      |       |       |       |     1 |       |       |       |       |       ||     1
Invok: Berserk           |       |       |     2 |    10 |     9 |     7 |     5 |     7 |     5 ||    45
       Burn Spellbooks   |       |       |     1 |       |     2 |     2 |     2 |     5 |     4 ||    16
       Brothers in Arms  |       |       |       |     4 |     1 |     8 |       |     5 |     2 ||    20
       Trog's Hand       |       |       |       |     3 |     8 |     8 |     6 |     4 |     1 ||    30
Evoke: Wand              |       |       |       |     7 |     6 |     4 |       |     2 |       ||    19
  Use: Scroll            |       |     8 |    12 |    19 |    17 |    22 |     7 |    11 |     6 ||   102
       Potion            |       |       |     2 |     4 |     1 |     4 |     1 |     1 |     5 ||    18
 Stab: Distracted        |       |       |       |     2 |     1 |     2 |       |     1 |     2 ||     8
       Sleeping          |       |       |       |     1 |     4 |       |     1 |       |       ||     6
       Petrifying        |       |       |       |       |     1 |       |       |       |       ||     1
       Petrified         |       |       |       |       |     1 |       |       |       |       ||     1
  Eat: Chunk             |     2 |     6 |    20 |    30 |    40 |    26 |    32 |    21 |    16 ||   193
       Pizza             |       |       |       |     3 |       |     1 |       |     3 |     1 ||     8
       Royal jelly       |       |       |       |       |     1 |       |       |     7 |       ||     8
       Beef jerky        |       |       |       |       |       |    17 |     1 |     1 |     2 ||    21
       Fruit             |       |       |       |       |       |     5 |     7 |     3 |       ||    15
       Meat ration       |       |       |       |       |       |       |       |       |     1 ||     1
Armor: Robe              |    42 |       |       |       |       |       |       |       |       ||    42
       Ice dragon scales |    41 |   214 |   370 |   390 |       |       |       |       |       ||  1015
       Troll leather arm |       |       |       |   284 |   490 |       |       |       |       ||   774
       Fire dragon scale |       |       |       |       |    32 |  1087 |   731 |   714 |   399 ||  2963
Dodge: Dodged            |   100 |   132 |   209 |   568 |   497 |   914 |   835 |   922 |   530 ||  4707
